 Dungeon Crawl Stone Soup version 0.29.0-7-g18a832c13a (webtiles) character file.

Game seed: 11657721585252108866

10272 robertstho the Thaumaturge (level 11, -1/73 (76) HPs)
             Began as a Djinni Fire Elementalist on Aug 30, 2022.
             Was a Priest of Makhleb.
             Slain by a spectral orc knight
             ... wielding a +0 great sword
             ... summoned by Nergalle
              (8 damage)
             ... on level 10 of the Dungeon.
             The game lasted 00:14:29 (11917 turns).

robertstho the Thaumaturge (DjFE)                  Turns: 11917, Time: 00:14:30

HP:   -1/73 (76)    AC:  7    Str:  7    XL:     11   Next: 89%
Gold: 1597          EV: 12    Int: 21    God:    Makhleb [***...] SH:  0 Dex: 20

rFire   + + .      SeeInvis .   p - +0 long sword (holy)
rCold   x . .      Faith    .   (no shield)
rNeg    . . .      Spirit   .   l - +0 acid dragon scales
rPois   ∞          Reflect  .   (no helmet)
rElec   .          Harm     .   (no cloak)
rCorr   +          Rampage  .   f - +0 pair of gloves
Will    +....                   (boots unavailable)
Stlth   ++........              (no amulet)
HPRegen 0.22/turn               t - +6 ring of dexterity
MPRegen 0.00/turn               (no ring)

@: flying, lightly drained
A: sickness immunity, fire resistance 2, cold vulnerability 1, float, innate
caster, HP casting, extra vitality 1
a: Renounce Religion, Minor Destruction, Lesser Servant of Makhleb


You were on level 10 of the Dungeon.
You worshipped Makhleb.
Makhleb was most pleased with you.
You visited 2 branches of the dungeon, and saw 11 of its levels.

You collected 1597 gold pieces.

Inventory:

Hand Weapons
 p - a +0 long sword of holy wrath (weapon)
Missiles
 q - 6 throwing nets
Armour
 a - a +0 robe
 f - a +0 pair of gloves (worn)
 l - +0 acid dragon scales (worn)
Magical Staves
 g - a staff of cold
Jewellery
 t - a +6 ring of dexterity (left hand)
Wands
 e - a wand of flame (19)
 j - a wand of paralysis (5)
 m - a wand of acid (11)
Scrolls
 b - a scroll of brand weapon {unknown}
 c - 6 scrolls of teleportation
 i - a scroll of enchant armour
 n - 2 scrolls of butterflies {unknown}
 s - a scroll of fear {unknown}
 u - a scroll of summoning {unknown}
 v - a scroll of magic mapping {unknown}
 w - 2 scrolls of torment {unknown}
 x - 2 scrolls of blinking {unknown}
Potions
 d - a potion of berserk rage
 h - a potion of curing
 k - 3 potions of mutation
 o - 2 potions of cancellation
 r - 3 potions of haste
 z - a potion of resistance
 A - a potion of heal wounds {unknown}


   Skills:
 * Level 6.3 Fighting
 + Level 0.7 Long Blades
 + Level 2.5 Armour
 + Level 2.9 Dodging
 + Level 3.6 Stealth
 * Level 11.7 Spellcasting
 * Level 6.0 Invocations


You had 7 spell levels left.
You knew the following spells:

 Your Spells              Type           Power      Damage    Failure   Level
a - Foxfire               Conj/Fire      100%       2x1d9     1%          1
b - Scorch                Fire           100%       2d10      1%          2
c - Conjure Flame         Conj/Fire      57%        6-21      1%          3
d - Inner Flame           Hex/Fire       57%        N/A       1%          3
e - Flame Wave            Conj/Fire      57%        2d14      1%          4
f - Freeze                Ice            100%       1d11      1%          1
g - Wereblood             Tmut           57%        N/A       1%          2
h - Dazzling Flash        Conj/Hex       100%       N/A       1%          3
i - Swiftness             Air            57%        N/A       1%          3
j - Hailstorm             Conj/Ice       57%        3d12      1%          4
Your spell library was empty.

Dungeon Overview and Level Annotations

Branches:
Dungeon (10/15)            Temple (1/1) D:4            Lair (0/5) D:10
    Orc (0/2) D:10

Altars:
Cheibriados
Elyvilon
Fedhas
Makhleb
Okawaru
Qazlal
Ru
Wu Jian
Xom

Shops:
D:2 *

Annotations:
D:5 1 runed translucent door
D:10 Nergalle


Innate Abilities, Weirdness & Mutations

You are immune to sickness and miasma.
You are immune to poison.
Your flesh is very heat resistant. (rF++)
You are vulnerable to cold. (rC-)
You float through the air rather than walking.
You learn spells naturally, not from books.
Your magical power is your life essence.
You have superior vitality. (+4 MHP)


Message History

You finish channelling waves of flame.
Nergalle hits you but does no damage.
Unknown command.
Unknown command.
Unknown command.
Okay, then.
Aiming: Corrosive Bolt
Press: ? - help, Shift-Dir - straight line, f - Nergalle
Aim: Nergalle, wielding a +0 dagger and wearing a +0 robe (severely wounded, 68% to hit)
The bolt of acid hits Nergalle.
Nergalle is severely wounded.
The spectral orc knight hits you but does no damage.
Nergalle barely misses you.
Aiming: Corrosive Bolt
Press: ? - help, Shift-Dir - straight line, f/p - Nergalle
Aim: Nergalle, wielding a +0 dagger and wearing a +0 robe (severely wounded, 68% to hit)
The bolt of acid misses Nergalle.
The spectral orc knight hits you with a +0 great sword!
* * * LOW HITPOINT WARNING * * *
Nergalle gestures at the spectral orc knight while chanting.
The spectral orc knight seems to speed up.
Aiming: Corrosive Bolt
Press: ? - help, Shift-Dir - straight line, f/p - Nergalle
Aim: Nergalle, wielding a +0 dagger and wearing a +0 robe (severely wounded, 68% to hit)
The bolt of acid hits Nergalle!
The acid corrodes Nergalle!
Nergalle is severely wounded.
The spectral orc knight barely misses you.
Nergalle hits you but does no damage.
Aiming: Corrosive Bolt
Press: ? - help, Shift-Dir - straight line, f/p - Nergalle
Aim: Nergalle, wielding a +0 dagger and wearing a +0 robe (severely wounded, covered in acid, 68% to hit)
The bolt of acid misses Nergalle.
The spectral orc knight closely misses you.
The spectral orc knight hits you but does no damage.
Nergalle hits you but does no damage.
Aiming: Corrosive Bolt
Press: ? - help, Shift-Dir - straight line, f/p - Nergalle
Aim: Nergalle, wielding a +0 dagger and wearing a +0 robe (severely wounded, covered in acid, 68% to hit)
The bolt of acid misses Nergalle.
The spectral orc knight hits you with a +0 great sword!
You die...

.......###..P.....P..#######
.......##..........P....
..##...#.......>......<..
..##........P............
.........#........P..#...
.........##.........##...
.........####.....####..
............ .#..Z......
.:##...########.@o......
..##...#........#######.
..###'##........#
..#.............#
..#.............+
..#.............#
..#.....######### ..#.....#
#.....#


You could see Nergalle (corroded) and a spectral orc knight (summoned, fast).

Vanquished Creatures
  Harold (D:10)
  A two-headed ogre (D:9)
  An elephant (D:10)
  Maggie (D:8)
  A kobold demonologist (D:9)
  A wyvern (D:10)
  A wraith (D:10)
  10 yaks
  A basilisk (D:10)
  3 redbacks (D:5)
  2 steam dragons
  2 acid dragons
  5 water moccasins
  Duvessa (D:6)
  4 sky beasts
  3 black bears
  An ice beast (D:8)
  3 ogres
  3 centaurs
  A phantom (D:5)
  19 kobold brigands
  3 bullfrogs
  A necrophage (D:4)
  A gnoll sergeant (D:5)
  8 scorpions (D:5)
  Dowan (D:6)
  14 killer bees
  2 howler monkeys
  2 hounds
  4 orc priests
  A jelly (D:7)
  3 iguanas
  5 orc wizards
  16 gnolls
  5 adders
  A shadow imp (D:7)
  A white imp (D:7)
  5 ufetubi
  3 worms
  3 dart slugs
  21 orcs
  10 endoplasms
  6 goblins
  6 hobgoblins
  6 jackals (D:1)
  17 kobolds
  2 quokkas (D:1)
  6 ball pythons
  6 bats
  4 frilled lizards
  7 rats
235 creatures vanquished.

Vanquished Creatures (others)
  599 foxfires
  5 plants (D:9)
604 creatures vanquished.

Grand Total: 839 creatures vanquished

Notes
Turn   | Place    | Note
-------+----------+-------------------------------------------
     0 | D:1      | robertstho the Djinni Fire Elementalist began the quest for
                  | the Orb.
     0 | D:1      | robertstho set off with the following spells memorised:
                  | Foxfire, Scorch, Conjure Flame, Inner Flame, Flame Wave.
     0 | D:1      | Reached XP level 1. HP: 15/15 MP: 0/0
     6 | D:1      | Found a faded altar of an unknown god.
   101 | D:1      | Reached XP level 2. HP: 9/21 MP: 0/0
  1054 | D:1      | Reached skill level 3 in Spellcasting
  1107 | D:1      | Reached XP level 3. HP: 24/26 MP: 0/0
  1107 | D:1      | Learned a level 1 spell: Freeze
  1884 | D:2      | Found Zegezofe's Assorted Antiques.
  2245 | D:2      | Reached XP level 4. HP: 28/31 MP: 0/0
  3366 | D:3      | Reached XP level 5. HP: 27/36 MP: 0/0
  3366 | D:3      | Learned a level 2 spell: Wereblood
  3493 | D:3      | Reached skill level 4 in Spellcasting
  3596 | D:3      | Reached skill level 1 in Fighting
  3819 | D:3      | Identified the +0 leather armour of Wonderful Contentment
                  | {Harm Rampage rN+}
  4270 | D:4      | Found a stormy altar of Qazlal.
  4310 | D:4      | Noticed a kobold brigand
  4316 | D:4      | Killed a kobold brigand
  4317 | D:4      | Reached XP level 6. HP: 36/42 MP: 0/0
  4455 | D:4      | Reached skill level 5 in Spellcasting
  4781 | D:4      | Found a staircase to the Ecumenical Temple.
  4877 | Temple   | Entered the Ecumenical Temple
  4882 | Temple   | Became a worshipper of Makhleb the Destroyer
  4960 | D:4      | Reached XP level 7. HP: 42/49 MP: 0/0
  4960 | D:4      | Learned a level 3 spell: Dazzling Flash
  5612 | D:5      | Entered Level 5 of the Dungeon
  5631 | D:5      | Noticed a redback
  5633 | D:5      | Found a runed translucent gate.
  5633 | D:5      | Found a runed translucent gate.
  5633 | D:5      | Found a runed translucent gate.
  5635 | D:5      | Noticed a redback
  5638 | D:5      | Noticed a water moccasin
  5638 | D:5      | Noticed a redback
  5638 | D:5      | Noticed a water moccasin
  5639 | D:5      | Noticed a water moccasin
  5645 | D:5      | Found a runed translucent door.
  5652 | D:5      | Found the +9 staff of Olgreb {rPois∞}
  5659 | D:5      | Found a runed translucent door.
  5742 | D:5      | Found a sacrificial altar of Ru.
  5866 | D:5      | Reached skill level 1 in Invocations
  5975 | D:5      | Reached skill level 6 in Spellcasting
  6095 | D:5      | Reached XP level 8. HP: 51/55 MP: 0/0
  6639 | D:5      | Reached skill level 7 in Spellcasting
  6640 | D:5      | Reached XP level 9. HP: 30/61 MP: 0/0
  6640 | D:5      | Learned a level 3 spell: Swiftness
  6640 | D:5      | Reached * piety under Makhleb
  6643 | D:5      | Reached skill level 8 in Spellcasting
  7143 | D:6      | Noticed Duvessa
  7143 | D:6      | Noticed Dowan
  7153 | D:6      | Killed Duvessa
  7154 | D:6      | Killed Dowan
  7614 | D:6      | Reached XP level 10. HP: 44/68 MP: 0/0
  7753 | D:6      | You are sucked into a shaft and drop 3 floors!
  7878 | D:8      | Reached skill level 9 in Spellcasting
  8007 | D:8      | Found a shimmering altar of Xom.
  8008 | D:8      | Found an iron altar of Okawaru.
  8055 | D:8      | Noticed Maggie
  8065 | D:8      | Killed Maggie
  8406 | D:8      | Reached ** piety under Makhleb
  8548 | D:8      | Found a white marble altar of Elyvilon.
  9616 | D:7      | Reached skill level 5 in Fighting
  9630 | D:7      | Reached skill level 10 in Spellcasting
  9987 | D:9      | Reached skill level 5 in Invocations
 10082 | D:9      | Noticed a kobold demonologist
 10084 | D:9      | Identified a scroll of acquirement
 10091 | D:9      | Killed a kobold demonologist
 10096 | D:9      | Reached XP level 11. HP: 36/76 MP: 0/0
 10096 | D:9      | Learned a level 4 spell: Hailstorm
 10103 | D:9      | Reached skill level 1 in Armour
 10538 | D:9      | Found a blossoming altar of Fedhas.
 10604 | D:9      | Reached *** piety under Makhleb
 10609 | D:9      | Noticed a two-headed ogre
 10634 | D:9      | Killed a two-headed ogre
 10635 | D:9      | Reached skill level 11 in Spellcasting
 11018 | D:9      | Acquired 1055 gold pieces
 11050 | D:10     | Entered Level 10 of the Dungeon
 11230 | D:10     | Found a staircase to the Orcish Mines.
 11261 | D:10     | Noticed Harold
 11270 | D:10     | Killed Harold
 11509 | D:10     | Noticed an elephant
 11523 | D:10     | Killed an elephant
 11856 | D:10     | Found a staircase to the Lair.
 11902 | D:10     | Noticed Nergalle
 11917 | D:10     | Slain by a spectral orc knight

Illustrated notes

Levels and vault maps discovered:
D:1:      minmay_arrival_four_houses, layout_basic, basic_ecumenical_altar,
          dreamdust_mushroom_princess
D:2:      layout_basic, serial_shops, shop_fountains
D:3:      layout_rooms, minivault_26
D:4:      cheibrodos_pilgrimage, layout_cave_pods, general_overflow_altar,
          minmay_temple_entry_waves, serial_bayou_pond_e
D:5:      layout_basic, nicolae_ru_awakened_eye,
          minmay_guarded_unrand_staff_of_olgreb
D:6:      cheibrodos_two_vegetables, layout_cave_pods,
          minmay_misc_feat_four_crosses, minmay_between, uniq_duvessa
D:7:      layout_basic
D:8:      layout_rooms, mainiacjoe_overflow_alcove_2,
          nicolae_overflow_two_pavilions, minmay_unpleasant_kobolds, uniq_maggie
D:9:      layout_gridville, fedhas_ov_isle_minmay, special_room
          [special_room_kobold], minmay_splitting_lines, grunt_decor_cap
D:10:     layout_gridville, old_standard_altar, david_lair_generic, orc_0_dummy,
          uniq_nergalle, uniq_harold, uniq_sonja
Temple:   hellmonk_temple_of_storms

Skill      XL: |  1  2  3  4  5  6  7  8  9 10 11 |
---------------+----------------------------------+-----
Spellcasting   | 3 4 5 6 7 8 10 11 | 11.7
Fighting       | 1 2 3 4 5 6 |  6.3
Stealth        | 2 3 |  3.6
Invocations    | 1 2 3 5 6 |  6.0
Armour         | 2 |  2.5
Long Blades    | |  0.7
Dodging        | |  2.9

Action                   |  1- 3 |  4- 6 |  7- 9 | 10-12 || total
-------------------------+-------+-------+-------+-------++-------
Melee: Long sword        |       |       |     4 |     8 ||    12
 Cast: Foxfire           |    58 |   110 |    59 |   113 ||   340
       Scorch            |    16 |    20 |    23 |    80 ||   139
       Flame Wave        |       |     1 |     8 |    23 ||    32
       Conjure Flame     |       |       |       |     2 ||     2
Evoke: Wand              |       |       |       |     5 ||     5
  Use: Potion            |       |     1 |       |     5 ||     6
       Scroll            |       |       |     5 |     9 ||    14
Armor: Robe              |     1 |     1 |     6 |       ||     8
       Skin              |       |     3 |       |       ||     3
       Acid dragon scale |       |       |       |    28 ||    28
Dodge: Dodged            |     4 |     8 |    26 |    58 ||    96
